Map: Séquenceur EC

Players

MEYSON

  • Race: Zerg Zerg
  • Spawn Location: 1:00

zidar - Winner!

  • Race: Zerg Zerg
  • League: Gold
  • Spawn Location: 7:00

VOD

Have the link to the VOD?

Description

Time

  • Played on: July 3, 2017, 10:52 a.m.
  • Length: 13:20
Show
View Real Time Build Order
Export as new Build Order

MEYSON Zerg 

Build Orders: Pool First 

Get SALT Encoding   

  12  0:01  Drone  
  13  0:08  Drone  
  14  0:16  Overlord  
  14  0:35  Spawning Pool  
  13  0:37  Drone  
  13  0:41  Drone  
  15  0:46  Drone  
  16  0:52  Drone  
  17  0:58  Extractor  
  17  0:59  Drone  
  17  1:10  Overlord  
  17  1:24  Queen  
  20  1:25  Zergling x2  
  20  1:32  Zergling x2  
  21  1:52  Extractor, Zergling x2  
  21  2:01  Lair  
  21  2:15  Hatchery  
  20  2:25  Drone x3  
  23  2:33  Overlord  
  23  3:00  Spire  
  23  3:01  Drone  
  23  3:02  Drone  
  24  3:27  Overlord  
  24  3:28  Overlord x2  
  24  3:44  Drone x4  
  28  3:54  Queen  
  30  4:16  Queen  
  32  4:32  Zerg Flyer Weapons Level 1  
  32  4:37  Drone x6  
  38  5:03  Extractor, Mutalisk  
  38  5:04  Mutalisk x4  
  47  5:36  Pneumatized Carapace  
  47  5:40  Drone  
  47  5:41  Drone x3  
  51  5:53  Mutalisk x3, Hatchery  
  56  6:15  Extractor  
  56  6:16  Extractor  
  54  6:48  Overseer  
  54  6:52  Zergling x20  
  54  6:53  Zergling x6  
  67  6:54  Metabolic Boost  
  67  7:13  Mutalisk x3  
  73  7:15  Overlord x2  
  73  7:16  Overlord  
  73  7:39  Drone x7  
  73  7:40  Drone  
  73  7:42  Mutalisk  
  83  8:11  Mutalisk x5  
  93  8:45  Mutalisk x2  
  93  8:47  Overlord x2  
  97  8:49  Overlord x3  
  97  9:13  Mutalisk x6  
  109  9:43  Mutalisk x3  
  109  9:44  Mutalisk  
  117  10:02  Mutalisk x2  
  121  10:24  Zergling x18  
  119  11:04  Zergling x34  
  107  11:05  Zergling x10  
  114  11:29  Mutalisk x7  
  89  12:10  Mutalisk x9  
  93  12:42  Zergling x2  
  93  12:43  Zergling x18  
Show
View Real Time Build Order
Export as new Build Order

zidar Zerg - Winner!

Build Orders: Pool First 

Get SALT Encoding   

  12  0:01  Drone  
  13  0:12  Overlord  
  13  0:17  Drone  
  14  0:31  Drone x2  
  16  0:41  Drone  
  17  0:47  Spawning Pool  
  16  0:50  Drone  
  17  1:13  Hatchery  
  17  1:15  Drone  
  17  1:20  Extractor, Drone  
  17  1:27  Drone  
  17  1:30  Drone  
  19  1:44  Queen  
  21  1:48  Drone  
  22  1:55  Overlord  
  21  2:05  Zergling x2  
  22  2:14  Zergling x2  
  23  2:22  Queen  
  25  2:30  Zergling x2  
  25  2:31  Overlord  
  26  2:54  Drone x7  
  33  3:03  Overlord  
  33  3:05  Drone  
  34  3:10  Extractor  
  34  3:11  Metabolic Boost  
  33  3:19  Roach Warren  
  31  3:28  Zergling x8  
  35  3:53  Zergling x4  
  35  3:54  Zergling x4  
  35  3:55  Zergling x2  
  40  3:58  Overlord x2  
  40  4:08  Drone  
  40  4:09  Drone x5  
  46  4:46  Queen  
  46  4:47  Hatchery  
  46  4:51  Drone x6  
  46  4:52  Drone  
  54  4:53  Drone  
  54  4:55  Overlord  
  55  5:06  Drone x4  
  59  5:11  Lair  
  59  5:20  Extractor  
  58  5:24  Queen  
  60  5:49  Evolution Chamber  
  59  5:50  Evolution Chamber  
  58  6:13  Glial Reconstitution  
  58  6:14  Infestation Pit  
  58  6:16  Roach  
  58  6:17  Roach  
  58  6:18  Roach x10  
  81  6:21  Overlord  
  81  6:22  Overlord x2  
  81  6:35  Drone  
  84  6:40  Drone x5  
  87  6:59  Drone x5  
  87  7:00  Drone x2  
  94  7:04  Overlord x2  
  94  7:12  Roach x6  
  106  7:15  Overlord  
  106  7:16  Overlord  
  106  7:22  Hive  
  106  7:49  Hydralisk Den  
  105  7:57  Drone x5  
  105  7:58  Drone x2  
  112  7:59  Overlord  
  112  8:00  Overlord x2  
  112  8:04  Roach x4  
  112  8:05  Roach x2  
  124  8:13  Zerg Missile Weapons Level 1  
  124  8:14  Extractor, Zerg Ground Armor Level 1  
  123  8:38  Muscular Augments  
  123  8:41  Pathogen Glands  
  123  8:47  Extractor, Hatchery, Hydralisk  
  123  8:48  Hydralisk x9  
  131  8:53  Overlord x2  
  131  8:54  Overlord x2  
  141  9:21  Hydralisk x3  
  141  9:22  Hydralisk x4  
  155  9:54  Overseer  
  155  9:55  Overseer  
  155  10:12  Zerg Ground Armor Level 2  
  155  10:13  Zerg Missile Weapons Level 2  
  155  10:16  Lurker Den  
  155  10:46  Hydralisk x6  
  155  10:47  Hydralisk x4  
  172  11:10  Hydralisk x7  
  172  11:30  Hydralisk x5  
  146  11:49  Hydralisk x5  
  156  12:14  Hydralisk x7  
  169  12:25  Extractor  
  169  12:26  Extractor  
  167  12:38  Hydralisk x4  
  167  12:39  Hydralisk x3  
Tags
 
League
Gold
Matchup
ZvZ
Race
Zerg
Spawn Locations
Cross Positions
Add a new tag
Caveats
  • Supply blocks, unpowered buildings, or Contaminate may cause inaccurate times.
  • Supply counts are checked every 10 seconds.